[Event "*** Titled Tuesday Blitz"]
[Site "Chess.com"]
[Date "2020.11.10"]
[Round "2"]
[White "QuintilianoR"]
[Black "Piotrek1979"]
[Result "1-0"]
[WhiteElo "2696"]
[BlackElo "2464"]
[TimeControl "180+1"]
[EndTime "10:15:57 PST"]
[Termination "QuintilianoR won by resignation"]

1. Nf3 Nf6 2. c4 g6 3. Nc3 Bg7 4. d4 O-O 5. e4 d6 6. Be2 c5 7. O-O cxd4 8. Nxd4 Nc6 9. Be3 Bd7 10. h3 Nxd4 11. Bxd4 Bc6 12. Qc2 Nd7 13. Bxg7 Kxg7 14.
b4 b6 15. Rad1 Rc8 16. Qb3 Bb7 17. Rfe1 Nf6 18. Bf1 Qc7 19. Re3 e6 20. Nb5 Qb8 21. Nxd6 Rcd8 22. c5 bxc5 23. bxc5 Bxe4 24. Qxb8 Rxb8 25.
Nxe4 Nxe4 26. Rxe4 Rfc8 27. Rc4 Rb2 28. a4 1-0

[Event "*** Titled Tuesday Blitz"]
[Site "Chess.com"]
[Date "2020.11.10"]
[Round "2"]
[White "MFBerna"]
[Black "Grineva_Marianna"]
[Result "0-1"]
[WhiteElo "2429"]
[BlackElo "2246"]
[TimeControl "180+1"]
[EndTime "10:16:05 PST"]
[Termination "Grineva_Marianna won by resignation"]

1. e4 c5 2. Nf3 d6 3. d4 cxd4 4. Qxd4 Nc6 5. Bb5 Bd7 6. Bxc6 Bxc6 7. Nc3 Nf6 8. O-O e6 9. Bg5 Be7 10. Rad1 O-O 11. Nd2 Qa5 12. Bh4 Rfd8 13. Nc4 Qh5 14. Bg3 d5 15. exd5 Nxd5 16. Ne5 Nxc3 17. Qxc3 Rxd1 0-1

[Event "*** Titled Tuesday Blitz"]
[Site "Chess.com"]
[Date "2020.11.10"]
[Round "2"]
[White "WonderChampion"]
[Black "Ural_bogatyr"]
[Result "0-1"]
[WhiteElo "2030"]
[BlackElo "2370"]
[TimeControl "180+1"]
[EndTime "10:16:07 PST"]
[Termination "Ural_bogatyr won by checkmate"]

1. d4 Nf6 2. Nf3 d5 3. e3 c5 4.
dxc5 Nc6 5. Bb5 Bd7 6. O-O e6 7. c4 dxc4 8. Bxc4 Bxc5 9. Nc3 O-O 10. e4 e5 11. Bg5 Be6 12. Bxe6 fxe6 13. Qb3 Qe7 14.
Rad1 h6 15. Bxf6 Rxf6 16. Qc2 Raf8 17. a3 Rxf3 18. gxf3 Nd4 19. Qd3 Nxf3+ 20. Kg2 Qg5+ 21. Kh3 Qh4+ 22. Kg2 Qxh2# 0-1

[Event "*** Titled Tuesday Blitz"]
[Site "Chess.com"]
[Date "2020.11.10"]
[Round "2"]
[White "chenxiaoyuer"]
[Black "Legendinunknown"]
[Result "0-1"]
[WhiteElo "2503"]
[BlackElo "2735"]
[TimeControl "180+1"]
[EndTime "10:16:30 PST"]
[Termination "Legendinunknown won by resignation"]

1. e4 e5 2. Nf3 Nc6 3. Bb5 a6 4. Ba4 d6 5. c3 g6 6. O-O Bg7 7. d3 Ne7 8. Nbd2 O-O 9. Re1 h6 10. Nf1 f5 11. Ne3 f4 12. Nd5 Nxd5 13. exd5 Ne7 14.
Bb3 Bg4 15. d4 exd4 16. cxd4 Nf5 17. h3 Bxf3 18. Qxf3 Nxd4 19. Qd3 Nxb3 20. Qxb3 f3 21. Qxb7 fxg2 22. Re6 Qh4 0-1

[Event "*** Titled Tuesday Blitz"]
[Site "Chess.com"]
[Date "2020.11.10"]
[Round "2"]
[White "scarabee43"]
[Black "Shivagami"]
[Result "1-0"]
[WhiteElo "2558"]
[BlackElo "2256"]
[TimeControl "180+1"]
[EndTime "10:16:34 PST"]
[Termination "scarabee43 won by resignation"]

1. Nf3 d5 2. e3 c5 3. c4 d4 4. d3 Nc6 5. g3 e5 6. Bg2 f5 7. O-O Nf6 8. Re1 Bd6 9. exd4 cxd4 10.
Nxe5 Nxe5 11. f4 O-O 12. fxe5 Bb4 13. exf6 Bxe1 14. Bd5+ Kh8 15. fxg7+ Kxg7 16. Qxe1 Qf6 17. Bf4 1-0

[Event "*** Titled Tuesday Blitz"]
[Site "Chess.com"]
[Date "2020.11.10"]
[Round "2"]
[White "vladislavkovalev"]
[Black "Lupul_Cenusiu"]
[Result "1-0"]
[WhiteElo "2856"]
[BlackElo "2553"]
[TimeControl "180+1"]
[EndTime "10:16:37 PST"]
[Termination "vladislavkovalev won by resignation"]

1. e4 d6 2. d4 Nf6 3. Nc3 g6 4. Be3 c6 5. f3 h5 6. Qd2 b5 7.
O-O-O a6 8. Kb1 Qc7 9. Nh3 Bxh3 10. gxh3 Nbd7 11. h4 O-O-O 12. a4 Kb7 13. d5 b4 14.
dxc6+ Qxc6 15. Na2 a5 16. Bb5 Qc7 17. c3 b3 18. Nc1 Nc5 19. Bxc5 Qxc5 20. Nxb3 Qb6 21. c4 Ra8 22. c5 dxc5 23. e5 Ne8 24. Qd5+ Ka7 25.
Bxe8 Rxe8 26. Qd7+ Ka6 27. Qxe8 Bg7 28. Qb5+ 1-0

[Event "*** Titled Tuesday Blitz"]
[Site "Chess.com"]
[Date "2020.11.10"]
[Round "2"]
[White "jefferyx"]
[Black "DraG0s3L"]
[Result "1-0"]
[WhiteElo "2967"]
[BlackElo "2588"]
[TimeControl "180+1"]
[EndTime "10:16:40 PST"]
[Termination "jefferyx won by resignation"]

1. d4 d5 2. c4 e6 3. Nf3 Be7 4. g3 Nf6 5. Bg2 O-O 6. Qd3 Nc6 7. a3 Na5 8. Nbd2 b6 9. Ne5 Bb7 10. O-O dxc4 11. Ndxc4 Bxg2 12. Kxg2 Qd5+ 13. f3 Nxc4 14. Qxc4 Qxc4 15. Nxc4 Rfd8 16. Be3 Bd6 17. Rac1 Nd5 18. Bf2 b5 19. Na5 Nb6 20. e4 Kf8 21. Rc2 Rd7 22. Rfc1 Rc8 23. Nc6 a6 24. d5 exd5 25. e5 Be7 26. Nxe7 Rxe7 27. Bxb6 Rxe5 28. Bxc7 Re6 29. Bd6+ 1-0

[Event "*** Titled Tuesday Blitz"]
[Site "Chess.com"]
[Date "2020.11.10"]
[Round "2"]
[White "DrMamaliga"]
[Black "Nikolakis2014"]
[Result "0-1"]
[WhiteElo "2334"]
[BlackElo "2753"]
[TimeControl "180+1"]
[EndTime "10:16:41 PST"]
[Termination "Nikolakis2014 won by resignation"]

1. c4 Nf6 2. Nf3 g6 3. b4 Bg7 4. Bb2 O-O 5. g3 d6 6. Bg2 e5 7. O-O Re8 8. Nc3 Nc6 9. d3 Nxb4 10. Qa4 Na6 11. Nd2 Nc5 12. Qc2 c6 13. e3 Bf5 14. e4 Bd7 15. Na4 Ne6 16. c5 Nxc5 17. Nxc5 dxc5 18. Qxc5 Bg4 19. Nc4 Be6 20. Nd6 Re7 21.
Bxe5 Nd7 22. Nxb7 Nxc5 23. Nxd8 Rxd8 0-1

[Event "*** Titled Tuesday Blitz"]
[Site "Chess.com"]
[Date "2020.11.10"]
[Round "2"]
[White "Pliukha_Mikhail"]
[Black "GregShahade"]
[Result "1/2-1/2"]
[WhiteElo "2489"]
[BlackElo "2696"]
[TimeControl "180+1"]
[EndTime "10:16:42 PST"]
[Termination "Game drawn by repetition"]

1. e4 e5 2. Nf3 Nc6 3. d4 exd4 4. Bc4 Nf6 5. O-O Be7 6. e5 Ne4 7. c3 d5 8. exd6 Nxd6 9. Bd3 O-O 10. Nxd4 Nxd4 11. cxd4 Bf5 12. Nc3 c6 13. Bf4 Bxd3 14. Qxd3 Bf6 15. Be5 g6 16. Rfe1 Bxe5 17. dxe5 Nf5 18.
Qc4 Qd4 19. Qb3 Qb6 20. Qc4 Qd4 21. Qb3 Qb6 22. Qc4 Qd4 1/2-1/2

[Event "*** Titled Tuesday Blitz"]
[Site "Chess.com"]
[Date "2020.11.10"]
[Round "2"]
[White "pedromartinez91"]
[Black "FMalexhdez"]
[Result "1-0"]
[WhiteElo "2577"]
[BlackElo "2285"]
[TimeControl "180+1"]
[EndTime "10:16:43 PST"]
[Termination "pedromartinez91 won by resignation"]

1. b3 e5 2. Bb2 d6 3. e3 Nc6 4. Nf3 g6 5. d4 Bg7 6. dxe5 Nxe5 7. Nxe5 dxe5 8. Qxd8+ Kxd8 9. Nc3 c6 10. O-O-O+ Kc7 11. Ba3 Be6 12. Bd6+ Kc8 13. Ne4 f6 14. Nc5 Bf7 15. g4 Nh6 16. Rg1 Rd8 17. Bh3 g5 18. Bg2 b6 19. Bxc6 1-0

[Event "*** Titled Tuesday Blitz"]
[Site "Chess.com"]
[Date "2020.11.10"]
[Round "2"]
[White "GMTalks_Youtube"]
[Black "albano87"]
[Result "1-0"]
[WhiteElo "2627"]
[BlackElo "2311"]
[TimeControl "180+1"]
[EndTime "10:16:50 PST"]
[Termination "GMTalks_Youtube won by resignation"]

1. e4 c5 2. Nf3 Nc6 3. Bb5 d6 4. O-O Bd7 5. Re1 Nf6 6. c3 a6 7. Bf1 Bg4 8. h3 Bxf3 9. Qxf3 g6 10. d3 Bg7 11. Nd2 O-O 12. Qd1 d5 13. a4 e5 14.
exd5 Nxd5 15. g3 Qd7 16. Bg2 Rad8 17. Qb3 Nde7 18. Ne4 Qd5 19. Nf6+ 1-0

[Event "*** Titled Tuesday Blitz"]
[Site "Chess.com"]
[Date "2020.11.10"]
[Round "2"]
[White "NotFischer"]
[Black "sorito"]
[Result "0-1"]
[WhiteElo "2258"]
[BlackElo "2463"]
[TimeControl "180+1"]
[EndTime "10:16:51 PST"]
[Termination "sorito won by resignation"]

1. d4 c6 2. Bf4 d6 3. Nc3 Nd7 4. Nf3 g6 5. e4 Bg7 6. Qd2 b5 7. a3 a6 8. O-O-O Rb8 9. Be2 c5 10. dxc5 Nxc5 11. e5 b4 12. axb4 Rxb4 13. exd6 Qa5 14.
Be5 Qa1+ 15. Nb1 Rxb2 0-1

[Event "*** Titled Tuesday Blitz"]
[Site "Chess.com"]
[Date "2020.11.10"]
[Round "2"]
[White "TST2014"]
[Black "WeAintSurePal"]
[Result "0-1"]
[WhiteElo "2505"]
[BlackElo "2312"]
[TimeControl "180+1"]
[EndTime "10:16:53 PST"]
[Termination "WeAintSurePal won by checkmate"]

1. d4 Nf6 2. c4 e6 3. Nf3 Bb4+ 4. Bd2 c5 5. Bxb4 cxb4 6. a3 bxa3 7. Rxa3 O-O 8. Nc3 d6 9. e3 Nc6 10. Be2 e5 11. O-O h6 12. d5 Nb4 13. Qb3 a5 14. Ne1 Nd7 15. Na4 Qc7 16. Nd3 Nxd3 17. Bxd3 f6 18. Bb1 f5 19. Nc3 e4 20. Nb5 Qc5 21. Qc3 Ne5 22. b3 Bd7 23. Nd4 Qxa3 24. Bc2 Qb4 25.
Qb2 a4 26. Ra1 axb3 27. Rxa8 Qe1# 0-1

[Event "*** Titled Tuesday Blitz"]
[Site "Chess.com"]
[Date "2020.11.10"]
[Round "2"]
[White "TokChess"]
[Black "wanyaland"]
[Result "0-1"]
[WhiteElo "2441"]
[BlackElo "2272"]
[TimeControl "180+1"]
[EndTime "10:16:53 PST"]
[Termination "wanyaland won by resignation"]

1. d3 d5 2. Nf3 c5 3. g3 Nc6 4.
Bg2 Nf6 5. O-O e5 6. Nbd2 Be7 7. e4 O-O 8. Nh4 Re8 9. Re1 Bf8 10. c3 Rb8 11. a4 b6 12. Qc2 a6 13. b3 Bb7 14.
Nf5 Rc8 15. Bb2 g6 16. Ne3 d4 17. Nec4 dxc3 18. Bxc3 Nb4 19. Bxb4 cxb4 20. Qb1 Bc5 21. h3 Nh5 22. Ne3 Bd4 23. Ra2 Rc3 24. Ndc4 b5 25.
axb5 axb5 26. Na5 Ba8 27. Kh2 Qb6 28. Nd5 Bxd5 29. exd5 Bxf2 30. Rf1 Bxg3+ 31. Kh1 Bf4 0-1

[Event "*** Titled Tuesday Blitz"]
[Site "Chess.com"]
[Date "2020.11.10"]
[Round "2"]
[White "Chessalary"]
[Black "northridgehawk"]
[Result "0-1"]
[WhiteElo "2433"]
[BlackElo "2256"]
[TimeControl "180+1"]
[EndTime "10:16:55 PST"]
[Termination "northridgehawk won by resignation"]

1. e4 e5 2. Nf3 Nc6 3. d4 exd4 4. Nxd4 Qh4 5. Nc3 Bb4 6. Qd3 Nf6 7. Nxc6 dxc6 8. e5 Ne4 9. Bd2 Qxf2+ 10. Kd1 Bg4+ 11. Be2 Nxc3+ 12. bxc3 Rd8 13. Qc4 Qe3 0-1

[Event "*** Titled Tuesday Blitz"]
[Site "Chess.com"]
[Date "2020.11.10"]
[Round "2"]
[White "UmarovSabir"]
[Black "cassoulet"]
[Result "0-1"]
[WhiteElo "2316"]
[BlackElo "2647"]
[TimeControl "180+1"]
[EndTime "10:17:03 PST"]
[Termination "cassoulet won by resignation"]

1. e4 d5 2. exd5 Qxd5 3. Nc3 Qd8 4. g3 Nf6 5. Bg2 g6 6. Nge2 Bg7 7. O-O O-O 8. d4 c6 9. h3 Na6 10. Be3 Nc7 11.
Qd2 Ncd5 12. Bh6 Be6 13. Bxg7 Kxg7 14. Rad1 Qd7 15. Kh2 Rad8 16. Nxd5 Bxd5 17. Qe3 Bxg2 18. Kxg2 Qd5+ 19. Kh2 Qxa2 20. Ra1 Qxb2 21. Rxa7 Rd7 22. c4 Rfd8 23. Raa1 Qc2 24. Rab1 Qxc4 25. Rfc1 Qa2 26. Rb6 Nd5 0-1

[Event "*** Titled Tuesday Blitz"]
[Site "Chess.com"]
[Date "2020.11.10"]
[Round "2"]
[White "MarcoRiehle"]
[Black "Anaj14"]
[Result "0-1"]
[WhiteElo "2668"]
[BlackElo "2346"]
[TimeControl "180+1"]
[EndTime "10:17:08 PST"]
[Termination "Anaj14 won by resignation"]

1. e4 c5 2. a3 Nf6 3. e5 Nd5 4. c4 Nc7 5. b4 cxb4 6. d4 d5 7. exd6 Qxd6 8. Nf3 e6 9. Bd3 Nc6 10. O-O Nxd4 11. Nxd4 Qxd4 12. Ra2 bxa3 13. Nxa3 Bd7 14. Re1 Rd8 15. Be3 Qc3 16. Nb1 Qb4 17. Rxa7 Bc6 18. Re2 Bc5 19. Bxc5 Qxc5 20. Ra3 O-O 21. Rd2 Qg5 22. f3 h5 23. Nc3 h4 24. Ne4 Bxe4 25.
Bxe4 Rxd2 26. Qf1 Qc5+ 27. Kh1 Qxa3 28. h3 Qe3 29. Bxb7 Qf2 30. Qxf2 Rxf2 0-1

[Event "*** Titled Tuesday Blitz"]
[Site "Chess.com"]
[Date "2020.11.10"]
[Round "2"]
[White "kirillshevchenko"]
[Black "louis198"]
[Result "1-0"]
[WhiteElo "2876"]
[BlackElo "2563"]
[TimeControl "180+1"]
[EndTime "10:17:09 PST"]
[Termination "kirillshevchenko won by resignation"]

1. e4 e6 2. d4 d5 3. Bd3 Nc6 4. exd5 exd5 5. c3 Bd6 6. Ne2 Nf6 7. Bg5 h6 8. Bh4 O-O 9. Qc2 Be7 10. Nd2 Re8 11.
O-O-O Ne4 12. Bxe7 Qxe7 13. Bxe4 dxe4 14. Nc4 Be6 15.
d5 Qg5+ 16. Ne3 Ne5 17. dxe6 Rxe6 18. Nd4 Nd3+ 19. Rxd3 exd3 20. Nxe6 1-0

[Event "*** Titled Tuesday Blitz"]
[Site "Chess.com"]
[Date "2020.11.10"]
[Round "2"]
[White "freshfoodcompany"]
[Black "mr65"]
[Result "1-0"]
[WhiteElo "2422"]
[BlackElo "2211"]
[TimeControl "180+1"]
[EndTime "10:17:09 PST"]
[Termination "freshfoodcompany won by resignation"]

1. d4 Nf6 2. c4 g6 3. Nc3 Bg7 4.
e4 d6 5. Nf3 O-O 6. Be2 Na6 7.
Bg5 h6 8. Bh4 Qe8 9. O-O e5 10.
d5 Nc5 11. Nd2 a5 12. f3 Bd7 13. b3 Nh5 14. Rb1 f5 15. a3 g5 16. Bf2 Nf4 17.
b4 axb4 18. axb4 Na4 19. Nxa4 Bxa4 20. Qe1 fxe4 21. Nxe4 Bc2 22. Rb2 Bxe4 23. fxe4 Ra3 24. c5 Qa4 25. Bc4 b5 26. cxb6 cxb6 27. Bxb6 Rc8 28.
Be2 Re3 29. Bxe3 1-0

[Event "*** Titled Tuesday Blitz"]
[Site "Chess.com"]
[Date "2020.11.10"]
[Round "2"]
[White "Neftegor"]
[Black "VMikhalevski"]
[Result "0-1"]
[WhiteElo "2473"]
[BlackElo "2703"]
[TimeControl "180+1"]
[EndTime "10:17:11 PST"]
[Termination "VMikhalevski won by resignation"]

1. d4 Nf6 2. c4 g6 3. Nc3 d5 4.
Nf3 Bg7 5. Qb3 dxc4 6. Qxc4 O-O 7. e4 Be6 8. Qd3 Na6 9. Be2 c5 10. d5 Bg4 11. O-O e6 12. d6 Nb4 13. Qd1 Nd7 14.
Bg5 Bf6 15. Be3 Nc6 16. Nb5 Bxf3 17. gxf3 Bxb2 18. Rb1 Bg7 19. f4 e5 20. Bg4 b6 21.
Qd5 Nb4 22. Rxb4 cxb4 23. Rd1 Nf6 24. Qxe5 Nxg4 25. Qg5 Qxg5 26. fxg5 Nxe3 27. fxe3 0-1

[Event "*** Titled Tuesday Blitz"]
[Site "Chess.com"]
[Date "2020.11.10"]
[Round "2"]
[White "zaur-mammadov"]
[Black "IceBelka"]
[Result "1-0"]
[WhiteElo "2638"]
[BlackElo "2294"]
[TimeControl "180+1"]
[EndTime "10:17:11 PST"]
[Termination "zaur-mammadov won by resignation"]

1. e4 c6 2. Nc3 d5 3. Nf3 Nf6 4. e5 Ne4 5. Ne2 Qb6 6. d4 e6 7. Nfg1 f6 8. f3 Ng5 9. h4 Nf7 10. f4 c5 11. c3 Nc6 12. Nf3 Bd7 13. g3 Be7 14. Bh3 fxe5 15. fxe5 O-O 16. Nf4 cxd4 17. cxd4 Bb4+ 18. Kf1 Ncxe5 19. dxe5 Rae8 20. Kg2 Bc6 21. a3 Bc5 22. b4 Be3 23. Bxe3 Qxe3 24. Re1 Qb6 25. Qd4 Qxd4 26. Nxd4 1-0

[Event "*** Titled Tuesday Blitz"]
[Site "Chess.com"]
[Date "2020.11.10"]
[Round "2"]
[White "seorobert1971"]
[Black "Manukyan_Artak"]
[Result "1-0"]
[WhiteElo "2689"]
[BlackElo "2331"]
[TimeControl "180+1"]
[EndTime "10:17:18 PST"]
[Termination "seorobert1971 won by resignation"]

1. c4 g6 2. Nc3 Bg7 3. g3 c5 4.
Bg2 Nc6 5. Nf3 e5 6. O-O f5 7. d3 Nf6 8. Rb1 O-O 9. a3 a5 10.
Bd2 Nd4 11. e3 Nxf3+ 12. Qxf3 d6 13. b4 axb4 14. axb4 g5 15. bxc5 dxc5 16. Nd5 g4 17. Nxf6+ Bxf6 18. Qd5+ Kh8 19. Bc3 Qxd5 20. Bxd5 Ra3 21.
Rfc1 f4 22. Bxb7 Bxb7 23. Rxb7 fxe3 24. fxe3 Rd8 25. Rf7 Bg7 26. Re7 h5 27. Bxe5 Bxe5 28. Rxe5 Rdxd3 29. Rxh5+ Kg7 30. Rxc5 1-0

[Event "*** Titled Tuesday Blitz"]
[Site "Chess.com"]
[Date "2020.11.10"]
[Round "2"]
[White "parintele_chess"]
[Black "goldenpuppy"]
[Result "0-1"]
[WhiteElo "2140"]
[BlackElo "2400"]
[TimeControl "180+1"]
[EndTime "10:17:19 PST"]
[Termination "goldenpuppy won by resignation"]

1. c4 e5 2. g3 d6 3. Bg2 g6 4.
Nc3 Bg7 5. Nf3 Ne7 6. O-O c5 7. d3 O-O 8. Rb1 Nbc6 9. a3 a5 10.
Nd5 f5 11. Nd2 g5 12. b4 axb4 13. axb4 f4 14. bxc5 dxc5 15. Ne4 Ng6 16. Nxc5 Nd4 17. Nxb7 Bxb7 18. Rxb7 Ra1 19. e3 Rxc1 20. Qg4 Rxf1+ 21. Bxf1 fxe3 22. fxe3 Nf5 23. Bh3 Nd6 24. Qe6+ Kh8 25. Rd7 Qa5 26. Nf4 Qe1+ 27. Kg2 exf4 0-1

[Event "*** Titled Tuesday Blitz"]
[Site "Chess.com"]
[Date "2020.11.10"]
[Round "2"]
[White "MariaFominykh"]
[Black "Paralinch"]
[Result "0-1"]
[WhiteElo "2338"]
[BlackElo "2814"]
[TimeControl "180+1"]
[EndTime "10:17:24 PST"]
[Termination "Paralinch won by resignation"]

1. Nf3 c5 2. g3 Nc6 3. Bg2 g6 4. O-O Bg7 5. d3 e6 6. e4 Nge7 7. c3 d5 8. Qe2 O-O 9. e5 h6 10.
h4 f6 11. Bf4 fxe5 12. Nxe5 Rxf4 13. gxf4 Nxe5 14. fxe5 Nf5 15. Qg4 Nxh4 16. f4 h5 17. Qh3 Bd7 18. Nd2 Qe7 19. Nf3 Nf5 20. Ng5 Bh6 21. c4 Bxg5 22. fxg5 Qxg5 23. cxd5 exd5 24. Kh2 Be6 25. Rae1 Kg7 26. Rf2 h4 27. Bh1 Qg3+ 0-1

[Event "*** Titled Tuesday Blitz"]
[Site "Chess.com"]
[Date "2020.11.10"]
[Round "2"]
[White "martynkovaelena"]
[Black "djano"]
[Result "0-1"]
[WhiteElo "2277"]
[BlackElo "2468"]
[TimeControl "180+1"]
[EndTime "10:17:25 PST"]
[Termination "djano won by resignation"]

1. d4 Nf6 2. Nf3 g6 3. c4 Bg7 4. g3 O-O 5. Bg2 d6 6. O-O Nc6 7. Nc3 a6 8. Qd3 Rb8 9. d5 Nb4 10. Qd1 a5 11. e4 e6 12. h3 exd5 13. cxd5 Re8 14. Nd4 c5 15. dxc6 Nxc6 16. Nxc6 bxc6 17. Qc2 Ba6 18. Rd1 Qe7 19. Bf4 Red8 20. Na4 Nh5 21.
Be3 c5 22. Nc3 Qf8 23. Rab1 Nf6 24. Bg5 h6 25. Bf4 Rb4 26. a3 Rb7 27. Qd2 Rbd7 28. Bxh6 Bxh6 29. Qxh6 Qxh6 0-1

[Event "*** Titled Tuesday Blitz"]
[Site "Chess.com"]
[Date "2020.11.10"]
[Round "2"]
[White "GMJustin"]
[Black "Supernotar"]
[Result "0-1"]
[WhiteElo "2346"]
[BlackElo "2854"]
[TimeControl "180+1"]
[EndTime "10:17:29 PST"]
[Termination "Supernotar won on time"]

1. d4 d5 2. c4 dxc4 3. Nf3 Nf6 4.
Nc3 a6 5. e4 b5 6. e5 Nd5 7. a4 Nxc3 8. bxc3 Qd5 9. Be2 Bb7 10.
O-O e6 11. Ne1 Qd7 12. Bf3 Nc6 13. axb5 axb5 14. Rb1 Ra5 15. Nc2 Be7 16. Bf4 O-O 17.
d5 exd5 18. Bxd5 Rd8 19. Ne3 Bc5 20. Qf3 Bxe3 0-1

[Event "*** Titled Tuesday Blitz"]
[Site "Chess.com"]
[Date "2020.11.10"]
[Round "2"]
[White "ehrenfeld"]
[Black "Oneofmyturns"]
[Result "0-1"]
[WhiteElo "2508"]
[BlackElo "2739"]
[TimeControl "180+1"]
[EndTime "10:17:30 PST"]
[Termination "Oneofmyturns won by resignation"]

1. e4 e5 2. Nc3 Nf6 3. f4 d5 4. fxe5 Nxe4 5. Qf3 f5 6. d3 Nxc3 7. bxc3 Be6 8. d4 c5 9. Bd3 g6 10. Nh3 Nc6 11. Bg5 Qa5 12. O-O Qxc3 13. Nf4 Nxd4 14.
Qf2 c4 15. Nxe6 Nxe6 16. Bd2 Qa3 17. Qf3 cxd3 18. Qxd5 Qc5+ 0-1

[Event "*** Titled Tuesday Blitz"]
[Site "Chess.com"]
[Date "2020.11.10"]
[Round "2"]
[White "Aygehovit1992"]
[Black "atalz0"]
[Result "1/2-1/2"]
[WhiteElo "2669"]
[BlackElo "2406"]
[TimeControl "180+1"]
[EndTime "10:17:33 PST"]
[Termination "Game drawn by repetition"]

1. e4 d5 2. exd5 Nf6 3. d4 Nxd5 4. c4 Nb6 5. Nc3 e5 6. Be3 exd4 7. Bxd4 Nc6 8. Qe2+ Be6 9. Bxb6 axb6 10. Nf3 Bb4 11. g3 Nd4 12. Nxd4 Qxd4 13. Qd3 Qe5+ 14. Qe3 Bxc3+ 15.
bxc3 Qxe3+ 16. fxe3 O-O 17. Bd3 Ra3 18. Kd2 Rfa8 19.
e4 Rxa2+ 20. Rxa2 Rxa2+ 21. Ke3 Kf8 22. e5 g6 23. h4 h5 24. Rf1 Ke7 25. Rf4 Rg2 26. Kf3 Ra2 27. Ke3 Ra3 28. Kd2 Ra2+ 29. Ke3 1/2-1/2

[Event "*** Titled Tuesday Blitz"]
[Site "Chess.com"]
[Date "2020.11.10"]
[Round "2"]
[White "vugarrasulov"]
[Black "Paladin61"]
[Result "1-0"]
[WhiteElo "2869"]
[BlackElo "2561"]
[TimeControl "180+1"]
[EndTime "10:17:34 PST"]
[Termination "vugarrasulov won by resignation"]

1. e4 c5 2. Nf3 d6 3. Nc3 Nf6 4. e5 dxe5 5. Nxe5 a6 6. a4 Nbd7 7. Nc4 g6 8. g3 Bg7 9. Bg2 O-O 10. O-O Qc7 11. d3 Rb8 12. a5 e5 13. Re1 Re8 14. Na4 Nh5 15. Nab6 Nxb6 16. axb6 Qd8 17. Be3 Bf8 18. Ra5 Be6 19. Bxc5 Bxc4 20. dxc4 Bxc5 21. Qxd8 Bxf2+ 22. Kxf2 Rexd8 23. Raxe5 Nf6 24. Re7 Nd7 25. b3 Nxb6 26. Rxb7 Rxb7 27. Bxb7 a5 28. c5 1-0

[Event "*** Titled Tuesday Blitz"]
[Site "Chess.com"]
[Date "2020.11.10"]
[Round "2"]
[White "GigaQuparadze"]
[Black "bazar-wokzal"]
[Result "1-0"]
[WhiteElo "2738"]
[BlackElo "2506"]
[TimeControl "180+1"]
[EndTime "10:17:35 PST"]
[Termination "GigaQuparadze won by resignation"]

1. e4 c5 2. Ne2 Nf6 3. e5 Nd5 4. c4 Nb4 5. d4 cxd4 6. Nxd4 N4c6 7. Nc3 Nxe5 8. g3 Nbc6 9. Bg2 Nxd4 10. Qxd4 Nc6 11. Qd1 g6 12. h4 h5 13. O-O Bg7 14. Re1 O-O 15. Nd5 d6 16. Bg5 Re8 17. c5 dxc5 18.
Nxe7+ Nxe7 19. Qxd8 Rxd8 20. Bxe7 Rd2 21. Bg5 Rxb2 22.
Re8+ Kh7 23. Rc1 Bd4 24. Be3 Bxe3 25. Rxe3 Be6 26. Rxc5 Bxa2 27. Rc7 Rb8 28. Ree7 a5 29. Bxb7 a4 30. Bc6 a3 31. Ra7 R2b3 32. Rxf7+ Kg8 33. Rg7+ Kh8 34. Rh7+ 1-0

[Event "*** Titled Tuesday Blitz"]
[Site "Chess.com"]
[Date "2020.11.10"]
[Round "2"]
[White "Grandelicious"]
[Black "pastouche06"]
[Result "1-0"]
[WhiteElo "2806"]
[BlackElo "2534"]
[TimeControl "180+1"]
[EndTime "10:17:42 PST"]
[Termination "Grandelicious won by resignation"]

1. e4 c6 2. d4 d5 3. exd5 cxd5 4.
Bd3 Nc6 5. c3 Qc7 6. h3 Nf6 7.
Nf3 g6 8. Qc2 Bg7 9. O-O O-O 10.
Re1 Re8 11. Be3 Nh5 12. Qd2 e5 13. dxe5 Nxe5 14. Nxe5 Bxe5 15. Na3 Bd7 16. Bf1 Bf4 17. Nc2 Bc6 18. Rad1 Rad8 19. Qd4 Re4 20. Bxf4 Rxf4 21. Qxa7 Ra4 22. Qc5 b6 23. Qe7 Qxe7 24. Rxe7 Rxa2 25. Nb4 Ba4 26. Rb1 1-0

[Event "*** Titled Tuesday Blitz"]
[Site "Chess.com"]
[Date "2020.11.10"]
[Round "2"]
[White "Omk124"]
[Black "sm_sharon"]
[Result "1-0"]
[WhiteElo "2396"]
[BlackElo "2128"]
[TimeControl "180+1"]
[EndTime "10:17:42 PST"]
[Termination "Omk124 won by resignation"]

1. e4 g6 2. d4 Bg7 3. Nf3 d6 4. Bc4 a6 5. a4 b6 6. Nc3 Bb7 7. O-O e6 8. Re1 Ne7 9. Bg5 h6 10. Be3 O-O 11. Qd2 Kh7 12. Rad1 Nd7 13. h3 Nf6 14. Bf4 Nxe4 15. Nxe4 d5 16. Neg5+ hxg5 17. Nxg5+ Kg8 18. Bd3 c5 19. Be5 Bh6 20. Bf6 Qd6 21.
Re5 Nc6 22. Qf4 Bg7 23. Qh4 1-0

[Event "*** Titled Tuesday Blitz"]
[Site "Chess.com"]
[Date "2020.11.10"]
[Round "2"]
[White "olksuna"]
[Black "MoreChessJulia"]
[Result "1-0"]
[WhiteElo "2617"]
[BlackElo "2090"]
[TimeControl "180+1"]
[EndTime "10:17:44 PST"]
[Termination "olksuna won by checkmate"]

1. e4 g6 2. d4 Bg7 3. Nf3 c5 4. d5 d6 5. Nc3 Bg4 6. h3 Bxf3 7. Qxf3 Nd7 8. a4 a6 9. Qd1 Ngf6 10. Bc4 O-O 11.
O-O b6 12. Re1 Ne5 13. Bf1 e6 14. Bg5 exd5 15. Nxd5 h6 16. Nxf6+ Bxf6 17. Bxh6 Re8 18. c3 Qd7 19. f4 Nc6 20. Qf3 Rad8 21. Rad1 Qb7 22.
Rd5 Ne7 23. Rd2 Kh7 24. Bg5 Ng8 25. Bc4 Rd7 26. Bd5 Qc7 27. h4 Bg7 28. h5 f5 29.
hxg6+ Kxg6 30. exf5+ Kxf5 31. Qd3+ Kg4 32. Qh3# 1-0

[Event "*** Titled Tuesday Blitz"]
[Site "Chess.com"]
[Date "2020.11.10"]
[Round "2"]
[White "ZenBull"]
[Black "ajdemipopushi"]
[Result "0-1"]
[WhiteElo "2144"]
[BlackElo "2401"]
[TimeControl "180+1"]
[EndTime "10:17:47 PST"]
[Termination "ajdemipopushi won by resignation"]

1. Nf3 c5 2. c4 g6 3. e4 Bg7 4. d4 cxd4 5. Nxd4 Nc6 6. Be3 Nf6 7. Nc3 Nxd4 8. Bxd4 Qa5 9. Qd2 Nxe4 10. Nxe4 Qxd2+ 11. Nxd2 Bxd4 12. Rb1 d6 13. Bd3 O-O 14. O-O Be6 15.
b3 Rfc8 16. Rfe1 Bc3 17. Rbd1 a6 18. h4 b5 19. cxb5 axb5 20. Bxb5 Rxa2 21. Re2 Rxd2 22. Rdxd2 Bxd2 23. Rxd2 Bxb3 24. h5 Kg7 25. Kh2 Rc5 26. Be2 gxh5 27. Kg3 Bc4 28. Bd1 Rd5 29.
Rxd5 Bxd5 30. Bxh5 e5 31. f4 f6 32. Kf2 Kf8 33.
g4 h6 34. Ke3 Ke7 35. fxe5 fxe5 36. Bg6 Kf6 37. Bf5 Be6 0-1